 Dungeon Crawl Stone Soup version 0.17-a0-1760-ga6756ae (webtiles) character file.

26968 Gorice the Fighter (level 13, -1/94 HPs)
             Began as an Octopode Wanderer on Sept 1, 2015.
             Was an Elder of Sif Muna.
             Succumbed to a minotaur's poison
             ... in a labyrinth on Sept 3, 2015.
             The game lasted 02:55:40 (26581 turns).

Gorice the Fighter (Octopode Wanderer)             Turns: 26581, Time: 02:55:40

Health: -1/94      AC:  1    Str:  8    XL:     13   Next: 29%
Magic:  7/26       EV: 20    Int: 21    God:    Sif Muna [****..]
Gold:   378        SH:  6    Dex: 13    Spells: 6 memorised, 12 levels left

rFire  . . .     SeeInvis .     a - +1 dagger (elec)
rCold  . . .     Clarity  .     O - +2 buckler {rN+}
rNeg   + + .     SustAt   +     (helmet restricted)
rPois  .         Gourm    .     n - amulet of regeneration
rElec  .         Spirit   .     o - ring of invisibility
rCorr  .         Warding  .     E - ring of positive energy
rMut   .         Stasis   .     F - ring of sustain attributes
MR     .....                    r - +5 ring of evasion
Stlth  +++.......               v - ring of loudness (curse)
                                (no ring)
                                (no ring)
                                (no ring)

@: lethally poisoned (-1 -> -15), not resistant to hostile enchantments, fairly
stealthy
A: almost no armour, amphibious, 8 rings, constrict 8, camouflage 1, gelatinous
body 1
a: Channel Energy, Forget Spell, Renounce Religion, Evoke Invisibility


You were in a labyrinth.
You worshipped Sif Muna.
Sif Muna was greatly pleased with you.
You were not hungry.

You visited 4 branches of the dungeon, and saw 18 of its levels.
You also visited: Labyrinth.

You collected 1148 gold pieces.
You spent 770 gold pieces at shops.

Inventory:

Hand weapons
 a - a +1 dagger of electrocution (weapon)
   (You took it off an orc wizard on level 5 of the Dungeon)
 b - a +0 blowgun
 p - a +1 dagger of protection
   (You took it off an orc on level 8 of the Dungeon)
 A - the +1 quarterstaff "Bunti" {crush, Str+2}
   (You found it on level 4 of the Dungeon)

   It inflicts extra damage upon your enemies.
   It affects your strength (+2).
Missiles
 t - 96 poisoned needles
 B - 5 javelins
 H - 21 tomahawks
 N - 8 poisoned tomahawks (quivered)
 Y - a throwing net
Armour
 O - a +2 buckler of positive energy (worn)
   (You took it off a tengu warrior on level 13 of the Dungeon)
Jewellery
 i - an uncursed amulet of resist mutation
 n - an amulet of regeneration (around mantle)
 o - a ring of invisibility (left tentacle)
 r - a +5 ring of evasion (on tentacle)
 v - a cursed ring of loudness (on tentacle)
 E - a ring of positive energy (right tentacle)
 F - a ring of sustain attributes (on tentacle)
 Q - an uncursed ring of teleportation
Magical devices
 d - a wand of flame (29)
 h - a wand of fire (3)
 s - a wand of confusion (14)
 z - a wand of frost (33)
 R - a wand of enslavement (8)
Scrolls
 c - 5 scrolls of identify
 m - 2 scrolls of teleportation {!r}
 D - 6 scrolls of blinking
Potions
 e - 6 potions of curing
 g - 3 potions of resistance {!q}
 j - a potion of heal wounds {!q}
 k - a potion of haste {!q}
 l - 2 potions of agility {!q}
 C - 3 potions of cancellation {!q}
 G - 4 potions of might {!q}
 I - 2 potions of berserk rage
 K - a potion of invisibility {!q}
Miscellaneous
 Z - a stone of tremors
Comestibles
 f - 6 bread rations {!e}
 W - 15 fruits


   Skills:
 - Level 10.9 Fighting
 - Level 1.0 Throwing
 - Level 7.3 Dodging
 - Level 5.3 Stealth
 + Level 2.4 Shields
 - Level 1.0 Unarmed Combat
 + Level 9.3 Spellcasting
 - Level 9.1 Conjurations
 - Level 7.0 Hexes
 * Level 7.8 Charms
   Level 2.0 Transmutations
 - Level 5.0 Poison Magic
 - Level 1.1 Evocations


You had 12 spell levels left.
You knew the following spells:

 Your Spells              Type           Power        Failure   Level  Hunger
a - Sting                 Conj/Pois      ####         1%          1    None
b - Dazzling Spray        Conj/Hex       #####...     1%          3    None
c - Magic Dart            Conj           ####         1%          1    None
d - Iskenderun's Mystic   Conj           #####...     1%          4    ##.....
e - Fulminant Prism       Conj/Hex       #####.....   3%          4    ##.....
f - Iskenderun's Battles  Conj/Chrm      #####...     10%         5    #####..


Dungeon Overview and Level Annotations

Branches:
Dungeon (14/15)            Temple (1/1) D:7            Lair (2/8) D:11
    Orc (1/4) D:9          Vaults (0/5) D:14

Altars:
Ashenzari
Cheibriados
Dithmenos
Elyvilon
Fedhas
Gozag
Kikubaaqudgha
Makhleb
Nemelex Xobeh
Okawaru
Qazlal
Ru
Sif Muna
Trog
Vehumet
Xom
Yredelemnul
Zin
The Shining One
Beogh
Lugonu

Shops:
D:6 (   Orc:1 =

Annotations:
D:6 kae's ghost, average DrTm
D:7 Menkaure
D:10 exclusion: ice statue
Orc:1 ogre orc knight etc wt!


Innate Abilities, Weirdness & Mutations

You cannot wear most types of armour.
You are amphibious.
You can wear up to eight rings at the same time.
You can use your tentacles to constrict eight enemies at once.
Your skin changes colour to match your surroundings (Stealth).
Your rubbery body absorbs attacks (AC +1).


Message History

Confirm with . or Enter, or press ? or * to list all spells.
Aiming: Dazzling Spray
Press: ? - help, Shift-Dir - straight line, f/p - minotaur
Aim: a minotaur, wielding a halberd of venom and wearing a robe (heavily wounded)
The spray of energy hits the minotaur.
The minotaur is severely wounded.
You feel sick. The minotaur barely misses you.
Damage: 1 (max 25)
Casting: Dazzling Spray
Confirm with . or Enter, or press ? or * to list all spells.
Aiming: Dazzling Spray
Press: ? - help, Shift-Dir - straight line, f/p - minotaur
Aim: a minotaur, wielding a halberd of venom and wearing a robe (severely wounded)
The spray of energy hits the minotaur.
The minotaur is severely wounded.
You feel sick.
The minotaur hits you from afar with a halberd of venom!!
You are more poisoned.
Damage: 26 (max 26)
You feel sick.
Damage: 2 (max 26)
Casting: Dazzling Spray
Confirm with . or Enter, or press ? or * to list all spells.
Aiming: Fulminant Prism
Press: ? - help, Dir - move target cursor, p - minotaur You conjure a prism of explosive energy!
You feel very sick.
Damage: 2 (max 26)
You feel sick.
Your fulminant prism crackles loudly.
Damage: 1 (max 26)
You feel very sick.
Your fulminant prism explodes!
The blast of energy engulfs the minotaur.
The minotaur is almost dead.
You feel sick.
Damage: 4 (max 26)
You feel sick.
Damage: 1 (max 26)
You feel sick.
Damage: 2 (max 26)
You feel sick.
Drink which item? (? for menu, Esc to quit)
You feel better.
The minotaur hits you from afar with a halberd of venom!!
* * * LOW HITPOINT WARNING * * *
You are lethally poisoned!
Damage: 18 (max 26)
There is a lethal amount of poison in your body!
You die...

### #.#
#####.#####
#.#.......#
###.#H###.#.##
#.@...#...#. .
#.#######.###
# ... # ....#
#.# #.###
#.#####.#.# #
#. # #
#...#...# # #
# #.#.###. #..
. #. . H.# .
## # ### # ##
# .#


You could see a minotaur.

Vanquished Creatures
  A hydra (Lair:1)
  A tengu warrior (D:13)
  2 unseen horrors
  A wizard (D:14)
  Pikel (D:4)
  6 hill giants
  2 deep elf conjurers (D:12)
  3 ugly things
  3 cyclopes
  2 manticores
  A gargoyle (D:12)
  A kobold demonologist (D:10)
  An efreet (D:14)
  A fire drake (Lair:2)
  4 komodo dragons
  A tengu conjurer (D:14)
  3 trolls
  A yaktaur (shapeshifter) (D:14)
  5 two-headed ogres
  A harpy skeleton (D:13)
  A slime creature (D:12)
  A spriggan (Lair:1)
  Sigmund (D:3)
  A water elemental (D:13)
  A vampire (D:13)
  4 hippogriffs
  2 hungry ghosts
  A deep elf mage (D:9)
  A wraith (D:13)
  Grum (D:10)
  2 basilisks
  A wyvern (D:13)
  5 yaks
  A steam dragon (D:12)
  Edmund (D:6)
  A wolf (D:10)
  3 water moccasins
  3 porcupines (Lair:1)
  5 ice beasts
  2 necrophages
  10 orc warriors
  2 wasps (D:11)
  4 black bears
  2 eyes of draining
  5 ogres
  3 sky beasts
  A crocodile (Lair:1)
  3 centaurs
  4 big kobolds
  8 giant frogs
  A wyvern zombie (D:14)
  A gnoll sergeant (D:7)
  4 scorpions
  10 killer bees
  19 wights
  3 centaur zombies
  An electric eel (D:13)
  7 crimson imps
  A giant frog zombie (D:7)
  6 hounds
  Ijyb (D:2)
  3 centaur skeletons
  6 iguanas
  8 jellies
  3 giant frog skeletons
  8 worker ants
  12 orc wizards
  10 orc priests
  9 sheep (Lair:1)
  2 hound skeletons
  Robin (D:3)
  24 adders
  A river rat (D:11)
  8 gnolls
  5 shadow imps
  6 oozes
  An adder zombie (D:9)
  2 adder skeletons (D:5)
  4 worms (D:2)
  5 giant geckos
  68 orcs
  9 hobgoblins
  7 jackals
  6 quokkas
  A ball python (D:6)
  8 bats
  4 giant cockroaches
  A giant gecko skeleton (D:5)
  A giant newt (D:3)
  25 goblins
  21 kobolds
  2 quokka skeletons
  14 rats
460 creatures vanquished.

Vanquished Creatures (others)
  An orc (Orc:1)
  16 fulminant prisms
  3 fungi
  3 plants
23 creatures vanquished.

Grand Total: 483 creatures vanquished

Notes
Turn   | Place    | Note
--------------------------------------------------------------
     0 | D:1      | Gorice the Octopode Wanderer began the quest for the Orb.
     0 | D:1      | Gorice set off with: a potion of haste {!q}, a scroll of blinking, Sif Muna's Incunabulum of Battle Magic, a potion of curing, a +0 dagger, a bread ration {!e}
     0 | D:1      | Reached XP level 1. HP: 11/11 MP: 3/3
     0 | D:1      | Identified Sif Muna's Incunabulum of Battle Magic
     2 | D:1      | Learned a level 1 spell: Sting
   340 | D:1      | Reached skill level 1 in Conjurations
   406 | D:1      | Reached XP level 2. HP: 17/17 MP: 0/5
   755 | D:1      | Reached skill level 2 in Poison Magic
   952 | D:1      | Reached XP level 3. HP: 21/21 MP: 1/6
  1402 | D:2      | HP: 4/21 [adder (4)]
  1406 | D:2      | Reached skill level 2 in Conjurations
  1561 | D:2      | Reached XP level 4. HP: 27/27 MP: 3/7
  2107 | D:1      | Reached skill level 3 in Conjurations
  2160 | D:2      | Found a sacrificial altar of Ru.
  2370 | D:2      | Reached XP level 5. HP: 31/31 MP: 6/9
  2395 | D:2      | Reached skill level 3 in Poison Magic
  2847 | D:3      | Noticed Ijyb
  2888 | D:2      | Killed Ijyb
  3044 | D:3      | Found a burning altar of Makhleb.
  3054 | D:3      | Reached skill level 3 in Spellcasting
  3113 | D:3      | Noticed Sigmund
  3141 | D:3      | Reached XP level 6. HP: 33/36 MP: 0/10
  3168 | D:3      | Killed Sigmund
  3168 | D:3      | Reached skill level 4 in Conjurations
  3168 | D:3      | Reached skill level 4 in Poison Magic
  3191 | D:3      | Learned a level 3 spell: Dazzling Spray
  3799 | D:3      | Noticed Robin
  3812 | D:3      | Killed Robin
  4109 | D:4      | Reached XP level 7. HP: 41/41 MP: 9/12
  4199 | D:4      | Reached skill level 5 in Poison Magic
  4309 | D:4      | Got a warped quarterstaff
  4310 | D:4      | Identified the +1 quarterstaff "Bunti" {crush, Str+2} (You found it on level 4 of the Dungeon)
  4330 | D:4      | Found a white marble altar of Elyvilon.
  4419 | D:4      | Reached skill level 1 in Hexes
  4530 | D:4      | Noticed Pikel
  4743 | D:4      | Found an iron altar of Okawaru.
  4943 | D:4      | Reached skill level 4 in Spellcasting
  4943 | D:4      | Reached skill level 2 in Hexes
  5073 | D:4      | Killed Pikel
  5073 | D:4      | Reached skill level 5 in Conjurations
  5073 | D:4      | Reached skill level 4 in Hexes
  5073 | D:4      | Reached XP level 8. HP: 41/46 MP: 8/14
  5461 | D:5      | Entered Level 5 of the Dungeon
  5611 | D:5      | Reached skill level 5 in Hexes
  5863 | D:5      | Reached skill level 5 in Spellcasting
  5863 | D:5      | Reached skill level 6 in Conjurations
  6180 | D:5      | Reached XP level 9. HP: 51/51 MP: 11/16
  6183 | D:5      | Reached skill level 6 in Hexes
  6404 | D:5      | Noticed an angel
  6405 | D:5      | Found a glowing silver altar of Zin.
  6431 | D:5      | Found a shimmering altar of Xom.
  6431 | D:5      | Found a shimmering altar of Xom.
  6431 | D:5      | Found a shimmering altar of Xom.
  6433 | D:5      | Found a shimmering altar of Xom.
  6928 | D:5      | Upgraded the game from 0.17-a0-1748-g222fba8 to 0.17-a0-1753-g75d4604
  7018 | D:6      | Noticed kae's ghost (average DrTm)
  7419 | D:6      | Noticed Edmund
  7524 | D:6      | Killed Edmund
  7641 | D:6      | Reached skill level 7 in Hexes
  7665 | D:6      | Found Tist's Weapon Emporium.
  7728 | D:6      | HP: 13/52 [centaur/arrow (16)]
  7736 | D:6      | Reached skill level 1 in Fighting
  7810 | D:6      | Found Xuetian's Weapon Shoppe.
  8017 | D:6      | Reached skill level 2 in Fighting
  8377 | D:6      | Reached skill level 7 in Conjurations
  8568 | D:7      | Reached skill level 3 in Fighting
  8813 | D:7      | Reached skill level 3 in Dodging
  8911 | D:7      | Found a glowing golden altar of the Shining One.
  9112 | D:7      | Noticed Menkaure
  9165 | D:7      | Reached skill level 4 in Fighting
  9351 | D:7      | Reached skill level 6 in Spellcasting
  9355 | D:7      | Reached XP level 10. HP: 64/64 MP: 2/19
  9860 | D:7      | Found a staircase to the Ecumenical Temple.
  9869 | Temple   | Entered the Ecumenical Temple
  9921 | Temple   | Became a worshipper of Sif Muna the Loreminder
 10294 | D:8      | Found an ancient bone altar of Kikubaaqudgha.
 10399 | D:7      | Reached skill level 4 in Dodging
 10432 | D:7      | Reached skill level 5 in Fighting
 11094 | D:8      | Found a stormy altar of Qazlal.
 11370 | D:8      | Reached skill level 6 in Fighting
 11590 | D:8      | Reached skill level 5 in Dodging
 12643 | D:9      | Reached skill level 7 in Fighting
 12679 | D:9      | Found a sparkling altar of Nemelex Xobeh.
 12841 | D:9      | Reached skill level 7 in Spellcasting
 13094 | D:9      | Found a staircase to the Orcish Mines.
 13492 | D:10     | Entered Level 10 of the Dungeon
 13498 | D:10     | Reached XP level 11. HP: 75/75 MP: 11/21
 13706 | D:10     | Reached skill level 6 in Dodging
 13743 | D:10     | Noticed an ice statue
 13802 | D:10     | Noticed Grum
 13851 | D:10     | Reached skill level 8 in Fighting
 14203 | D:10     | Killed Grum
 14972 | D:10     | HP: 23/78 [poisoned by an orc warrior]
 14978 | D:10     | HP: 23/78 [poisoned by an orc warrior]
 15475 | D:11     | Acquired Sif Muna's first power
 15908 | D:11     | Found a staircase to the Lair.
 16000 | Lair:1   | Entered Level 1 of the Lair of Beasts
 16295 | D:11     | Reached skill level 9 in Fighting
 16295 | D:11     | Reached skill level 7 in Dodging
 16392 | Lair:1   | Reached skill level 8 in Conjurations
 16758 | Lair:1   | Noticed a four-headed hydra
 16764 | Lair:1   | HP: 22/80 [four-headed hydra (16)]
 16770 | Lair:1   | HP: 21/80 [four-headed hydra (4)]
 16771 | Lair:1   | HP: 2/80 [four-headed hydra (11)]
 16954 | Orc:1    | Entered Level 1 of the Orcish Mines
 17051 | Orc:1    | HP: 24/80 [orc/trident (2)]
 17157 | Orc:1    | Found a roughly hewn altar of Beogh.
 17332 | Orc:1    | Found Woapn's Jewellery Shop.
 17335 | Orc:1    | Bought a +5 ring of evasion for 770 gold pieces
 17454 | Orc:1    | Noticed an orc knight
 17472 | D:9      | HP: 16/80 [orc warrior/mace[an orc knight] (16)]
 17895 | D:12     | Reached skill level 1 in Stealth
 17917 | D:12     | Noticed a hill giant
 17989 | D:12     | Killed a hill giant
 17989 | D:12     | Reached skill level 2 in Stealth
 18138 | D:12     | Learned a level 1 spell: Magic Dart
 18143 | D:12     | Learned a level 4 spell: Fulminant Prism
 18148 | D:12     | Learned a level 4 spell: Iskenderun's Mystic Blast
 18154 | D:12     | Learned a level 5 spell: Iskenderun's Battlesphere
 18509 | D:12     | Noticed a deep elf conjurer
 18509 | D:12     | Noticed a deep elf conjurer
 18559 | D:12     | Killed a deep elf conjurer
 18559 | D:12     | Reached skill level 3 in Stealth
 18565 | D:12     | Killed a deep elf conjurer
 18565 | D:12     | Reached skill level 4 in Stealth
 18624 | D:12     | Reached XP level 12. HP: 75/87 MP: 3/23
 19304 | D:13     | Reached skill level 9 in Conjurations
 19393 | D:12     | Reached skill level 5 in Stealth
 19635 | D:13     | Found a flagged portal.
 19646 | D:13     | Reached skill level 10 in Fighting
 19646 | D:13     | Reached skill level 1 in Charms
 19834 | D:13     | Acquired Sif Muna's second power
 19834 | D:13     | Reached skill level 2 in Charms
 20074 | D:13     | Reached skill level 3 in Charms
 20162 | D:13     | Reached skill level 8 in Spellcasting
 20604 | D:12     | Upgraded the game from 0.17-a0-1753-g75d4604 to 0.17-a0-1760-ga6756ae
 20759 | D:13     | Reached skill level 4 in Charms
 21272 | D:14     | Noticed a tengu warrior
 21293 | D:13     | Killed a tengu warrior
 21293 | D:13     | Reached skill level 5 in Charms
 21786 | D:14     | Found a sacrificial altar of Ru.
 22074 | D:14     | HP: 11/89 [hill giant/giant spiked club (27)]
 22106 | D:14     | --heh, lucky i forgot to remove that =tele!
 22608 | D:14     | HP: 22/89 [something (7)]
 22610 | D:14     | HP: 10/89 [something (8)]
 22610 | D:14     | HP: 1/89 [something (9)]
 22619 | D:14     | HP: 26/89 [poisoned by a green ugly thing]
 22821 | D:14     | Reached skill level 6 in Charms
 22842 | D:14     | Noticed a vault guard
 22851 | D:14     | Found a gate to the Vaults.
 23008 | D:14     | Reached XP level 13. HP: 81/94 MP: 0/25
 23401 | D:14     | Reached skill level 1 in Shields
 23401 | D:14     | Reached skill level 9 in Spellcasting
 23401 | D:14     | Reached skill level 7 in Charms
 23681 | D:14     | HP: 28/94 [poisoned by a green ugly thing]
 23686 | D:14     | HP: 21/94 [poisoned by a green ugly thing]
 23691 | D:14     | HP: 17/94 [poisoned by a green ugly thing]
 23695 | D:14     | HP: 8/94 [poisoned by a green ugly thing]
 23697 | D:14     | HP: 2/94 [poisoned by a green ugly thing]
 23718 | D:14     | HP: 28/94 [green ugly thing (5)]
 23720 | D:14     | Reached skill level 2 in Shields
 23863 | D:14     | Noticed a storm dragon
 23938 | D:13     | HP: 21/94 [vault guard/battleaxe of flaming (18)]
 23943 | D:13     | HP: 15/94 [poisoned by a kobold]
 23950 | D:12     | HP: 18/94 [poisoned by a kobold]
 23958 | D:12     | HP: 21/94 [poisoned by a kobold]
 24121 | Lair:1   | Killed a four-headed hydra
 24296 | Lair:1   | Acquired Sif Muna's third power
 24762 | Lair:2   | HP: 26/94 [komodo dragon (33)]
 24837 | Lair:2   | Found a labyrinth entrance.
 24845 | Lab      | Entered a labyrinth
 26549 | Lab      | Noticed a minotaur
 26573 | Lab      | HP: 27/94 [poisoned by a minotaur]
 26578 | Lab      | HP: 19/94 [poisoned by a minotaur]
 26580 | Lab      | HP: 1/94 [minotaur/halberd of venom (24)]
 26581 | Lab      | Succumbed to a minotaur's poison

Vault maps used:
D:1:      minmay_arrival_nine_rooms, item_on_display_a
D:2:      old_standard_altar, serial_forest, infiniplex_forest_clump_C,
          infiniplex_forest_lined_3, infiniplex_forest_join,
          infiniplex_forest_lined_room_2, infiniplex_forest_clump_tiny,
          infiniplex_forest_lined_3_way
D:3:      kennysheep_the_goblin_king, makhleb_blood_cavern_becter, uniq_sigmund,
          uniq_iyjb, uniq_robin
D:4:      kennysheep_big_flooded_room, okawaru_ov_weapons_minmay,
          elyvilon_altar_3, first_bread, uniq_pikel
D:5:      xom_redecorated, zin_angel, st_stairs_14
D:6:      serial_shops, shop, shop_statue, grunt_ministairs_14, uniq_edmund
D:7:      lemuel_crystal_altar, minmay_temple_entry_poolview, uniq_menkaure
D:8:      nicolae_overflow_hidden_temple, lemuel_crystal_altar,
          hangedman_little_slice_of_home
D:9:      kennysheep_little_box, hiddenorc1_lemuel, grunt_ministairs_1
D:10:     minmay_statue_hallways, uniq_grum
D:11:     due_lair_maze_entry_diamond
D:12:     billiards_dpeg
D:13:     enter_bailey_2, kennysheep_minor_cross
D:14:     david_vaults_5, nicolae_ru_awakened_eye, minmay_misc_feat_x
Temple:   corrupted_temple
Lair:1:   grunt_forest_large_clearing_hut, serial_bayou_shore_b
Lair:2:   lab_entry_generic, portal_ice_cave_entry_pillars_02, basic_altar,
          lemuel_fruit_tree, grunt_megastairs_5
Orc:1:    basic_altar, serial_shops, nicolae_shop_stone

Action                   |  1- 3 |  4- 6 |  7- 9 | 10-12 | 13-15 || total
-------------------------+-------+-------+-------+-------+-------++-------
Melee: Dagger            |    22 |       |    22 |   306 |    73 ||   423
       Spear             |       |    36 |     3 |       |       ||    39
       Quarterstaff      |       |       |    34 |       |       ||    34
       Trident           |       |       |     2 |       |       ||     2
       Halberd           |       |       |    19 |       |       ||    19
Throw: Stone             |       |     2 |     1 |       |       ||     3
       Tomahawk          |       |       |     3 |     2 |       ||     5
 Cast: Sting             |    70 |   135 |   150 |   347 |    31 ||   733
       Dazzling Spray    |       |       |   111 |   425 |    71 ||   607
       Magic Dart        |       |       |       |     7 |     2 ||     9
       Iskenderun's Myst |       |       |       |    13 |     1 ||    14
       Fulminant Prism   |       |       |       |    11 |     5 ||    16
       Iskenderun's Batt |       |       |       |       |     1 ||     1
Invok: Channel Energy    |       |       |       |    20 |    26 ||    46
Evoke: Wand              |       |     5 |     1 |    15 |     1 ||    22
  Use: Scroll            |     1 |     9 |     9 |    16 |       ||    35
       Potion            |     1 |     2 |       |     3 |     3 ||     9
 Stab: Invisible         |       |       |     1 |    14 |     4 ||    19
       Distracted        |       |       |     1 |       |       ||     1
       Sleeping          |       |       |       |     5 |     2 ||     7
  Eat: Chunk             |     3 |     8 |    22 |    46 |     9 ||    88
       Pizza             |       |       |     1 |     1 |     1 ||     3
       Beef jerky        |       |       |       |     2 |       ||     2
       Royal jelly       |       |       |       |     1 |       ||     1
       Bread ration      |       |       |       |     2 |     2 ||     4
       Fruit             |       |       |       |     2 |       ||     2

Table legend:
 A = Turns spent in this place as a percentage of turns spent in the entire game.
 B = Non-inter-level travel turns spent in this place as a percentage of non-inter-level travel turns spent in the entire game.
 C = Inter-level travel turns spent in this place as a percentage of turns spent in this place.
 D = Turns resting spent in this place as a percentage of non-inter-level travel turns spent in this place.
 E = Turns spent auto-exploring this place as a percentage of non-inter-level travel turns spent in this place.
 F = Non-inter-level travel turns spent in this place divided by the number of levels of this place that you've seen.
                   A       B       C       D       E      F
               +-------+-------+-------+-------+-------+----------------------
         Total | 100.0 | 100.0 |   0.5 |   4.4 |   3.7 | 547.1
       Dungeon |  74.4 |  74.3 |   0.6 |   5.7 |   4.8 | 551.3
        Temple |   0.7 |   0.7 |   0.0 |   0.0 |   0.0 |  68.0
          Lair |   4.9 |   4.9 |   0.4 |   0.6 |   2.3 | 256.0
  Orcish Mines |   2.5 |   2.5 |   0.0 |   5.0 |   2.3 | 259.0
     Labyrinth |  17.6 |  17.7 |   0.0 |   0.0 |   0.0 | 1837.0
               +-------+-------+-------+-------+-------+----------------------

Vault maps used:
D:1:      minmay_arrival_nine_rooms, item_on_display_a
D:2:      old_standard_altar, serial_forest, infiniplex_forest_clump_C,
          infiniplex_forest_lined_3, infiniplex_forest_join,
          infiniplex_forest_lined_room_2, infiniplex_forest_clump_tiny,
          infiniplex_forest_lined_3_way
D:3:      kennysheep_the_goblin_king, makhleb_blood_cavern_becter, uniq_sigmund,
          uniq_iyjb, uniq_robin
D:4:      kennysheep_big_flooded_room, okawaru_ov_weapons_minmay,
          elyvilon_altar_3, first_bread, uniq_pikel
D:5:      xom_redecorated, zin_angel, st_stairs_14
D:6:      serial_shops, shop, shop_statue, grunt_ministairs_14, uniq_edmund
D:7:      lemuel_crystal_altar, minmay_temple_entry_poolview, uniq_menkaure
D:8:      nicolae_overflow_hidden_temple, lemuel_crystal_altar,
          hangedman_little_slice_of_home
D:9:      kennysheep_little_box, hiddenorc1_lemuel, grunt_ministairs_1
D:10:     minmay_statue_hallways, uniq_grum
D:11:     due_lair_maze_entry_diamond
D:12:     billiards_dpeg
D:13:     enter_bailey_2, kennysheep_minor_cross
D:14:     david_vaults_5, nicolae_ru_awakened_eye, minmay_misc_feat_x
Temple:   corrupted_temple
Lair:1:   grunt_forest_large_clearing_hut, serial_bayou_shore_b
Lair:2:   lab_entry_generic, portal_ice_cave_entry_pillars_02, basic_altar,
          lemuel_fruit_tree, grunt_megastairs_5
Orc:1:    basic_altar, serial_shops, nicolae_shop_stone
